 Dungeon Crawl Stone Soup version 0.20-a0-1109-ge3cd172 (webtiles) character file.

999 urechis the Cleaver (level 8, -8/75 HPs)
             Began as a Hill Orc Berserker on May 5, 2017.
             Was a Priest of Trog.
             Mangled by Edmund
             ... wielding a +5 flail of protection
              (9 damage)
             ... on level 4 of the Dungeon.
             The game lasted 00:04:09 (4751 turns).

urechis the Cleaver (Hill Orc Berserker)            Turns: 4751, Time: 00:04:09

Health: -8/75      AC:  6    Str: 20    XL:     8   Next: 19%
Magic:  8/8        EV: 10    Int:  7    God:    Trog [***...]
Gold:   121        SH:  0    Dex: 12    Spells: 7/7 levels left

rFire    . . .     SeeInvis .   a - +0 hand axe
rCold    . . .     Gourm    .   (no shield)
rNeg     . . .     Faith    .   g - +0 scale mail
rPois    .         Spirit   .   (no helmet)
rElec    .         Reflect  .   (no cloak)
rCorr    .         Harm     .   (no gloves)
MR       ++...                  (no boots)
Stlth    ..........             (no amulet)
Regen    1.3/turn               (no ring)
MPRegen  0.2/turn               (no ring)

@: lethally poisoned (-8 -> -8), regenerating, slowed, very slow
A: no striking features
a: Berserk, Trog's Hand, Burn Spellbooks, Renounce Religion


You were on level 4 of the Dungeon.
You worshipped Trog.
Trog was most pleased with you.
You were near starving.

You visited 1 branch of the dungeon, and saw 4 of its levels.

You collected 121 gold pieces.

Inventory:

Hand Weapons
 a - a +0 hand axe (weapon)
Armour
 g - a +0 scale mail (worn)
Jewellery
 n - a +4 ring of slaying {unknown}
Scrolls
 b - 2 scrolls of identify {unknown}
 d - 4 scrolls of remove curse {unknown}
 e - a scroll of enchant armour {unknown}
 j - 2 scrolls of fear {unknown}
 k - 2 scrolls of teleportation {unknown}
 l - a scroll of magic mapping {unknown}
 o - a scroll of enchant weapon {unknown}
 p - a scroll of noise {unknown}
 q - a scroll of recharging {unknown}
Potions
 i - a potion of berserk rage {unknown}
 m - a potion of agility {unknown}
 s - a potion of cancellation {unknown}
Comestibles
 c - 6 bread rations
 f - a fruit
 h - 4 royal jellies
 r - 2 meat rations


   Skills:
 + Level 8.5 Fighting
 + Level 9.5 Axes
 - Level 2.1 Armour
 - Level 1.5 Dodging


You had 7 spell levels left.
You didn't know any spells.

Dungeon Overview and Level Annotations

Branches:
Dungeon (4/15)
 Temple: D:4-7

Altars:
Xom

Annotations:
D:4 Duvessa, Edmund


Message History

Duvessa hits you with a short sword.
* * * LOW HITPOINT WARNING * * *
Edmund hits you but does no damage. Duvessa closely misses you.
You hit Duvessa.
Duvessa is heavily wounded.
You hit Edmund but do no damage. Duvessa hits you with a short sword!
* * * LOW HITPOINT WARNING * * *
Edmund hits you with a flail of protection!
* * * LOW HITPOINT WARNING * * *
Duvessa hits you with a short sword.
* * * LOW HITPOINT WARNING * * *
Okay, then.
Okay, then.
Your skin crawls.
You feel resistant to hostile enchantments.
You feel somewhat more hungry.
You feel sick. Duvessa hits you with a short sword.
* * * LOW HITPOINT WARNING * * *
Edmund hits you with a flail of protection!
You die...

#.........##.# #...## #.#
#.........##.####...####.#
#........................#
##.....##.#+#.#####...#####
.......##........##...#
##.....##........###..#
.................# #..#
.......###.......# ##.#
#......# #...^..@# #..
#......# #.....e@# #..#
#......# #######.. #......#
#... #......# #....
#.###### #..... #.# #######
#.# #.#


You could see Edmund and Duvessa (berserk).

Vanquished Creatures
  Menkaure (D:4)
  An ogre (D:4)
  The ghost of Monsterracer the Changer, an amateur VSTm (D:3)
  Dowan (D:4)
  A crimson imp (D:3)
  A hound (D:4)
  3 orc priests
  4 orc wizards
  An iguana (D:4)
  Natasha (thrice) (D:2)
  Terence (D:3)
  5 worker ants
  A hound skeleton (D:4)
  4 gnolls (D:3)
  4 adders
  An ooze (D:3)
  3 worms
  2 dart slugs
  3 leopard geckos
  12 orcs
  4 giant cockroaches
  7 goblins
  4 hobgoblins
  2 jackals (D:1)
  6 kobolds
  3 quokkas
  5 bats
  4 frilled lizards
  A leopard gecko skeleton (D:4)
  9 rats
98 creatures vanquished.

Notes
Turn   | Place    | Note
-------+----------+-------------------------------------------
     0 | D:1      | urechis the Hill Orc Berserker began the quest for the Orb.
     0 | D:1      | Reached XP level 1. HP: 19/19 MP: 1/1
   431 | D:1      | Reached XP level 2. HP: 27/27 MP: 2/2
  1115 | D:2      | Found a shimmering altar of Xom.
  1135 | D:2      | Reached XP level 3. HP: 33/33 MP: 3/3
  1176 | D:2      | Reached skill level 5 in Axes
  2056 | D:2      | Noticed Natasha
  2063 | D:2      | Killed Natasha
  2063 | D:2      | Reached ** piety under Trog
  2063 | D:2      | Reached XP level 4. HP: 36/41 MP: 4/4
  2095 | D:2      | Noticed Natasha
  2107 | D:2      | Killed Natasha
  2107 | D:2      | Reached skill level 5 in Fighting
  2338 | D:2      | Reached skill level 6 in Axes
  2433 | D:2      | Noticed Natasha
  2441 | D:2      | Killed Natasha
  2441 | D:2      | Reached XP level 5. HP: 37/48 MP: 5/5
  3159 | D:3      | Reached XP level 6. HP: 53/57 MP: 6/6
  3160 | D:3      | Reached skill level 7 in Axes
  3243 | D:3      | Noticed Monsterracer's ghost (amateur VSTm)
  3245 | D:3      | Killed Monsterracer's ghost
  3495 | D:3      | Reached XP level 7. HP: 64/64 MP: 7/7
  3576 | D:3      | Noticed Terence
  3585 | D:3      | Killed Terence
  3585 | D:3      | Reached skill level 8 in Axes
  3981 | D:4      | Reached *** piety under Trog
  4028 | D:4      | Noticed Menkaure
  4037 | D:4      | Killed Menkaure
  4196 | D:4      | Reached skill level 9 in Axes
  4196 | D:4      | Reached XP level 8. HP: 74/74 MP: 8/8
  4719 | D:4      | Noticed Edmund
  4721 | D:4      | Noticed Dowan
  4740 | D:4      | Noticed Duvessa
  4743 | D:4      | Killed Dowan
  4750 | D:4      | HP: 2/75 [Duvessa/short sword (6)]
  4751 | D:4      | Mangled by Edmund

Vault maps used:
D:1:      dpeg_arrival_arbitrary_c
D:2:      xom_teletrap_fun, uniq_natasha
D:3:      uniq_terence
D:4:      first_bread, uniq_duvessa, uniq_menkaure, uniq_edmund

Skill      XL: |  1  2  3  4  5  6  7 |
---------------+----------------------+-----
Fighting       | 4 5 6 8 |  8.5
Axes           | 5 6 7 9 |  9.5
Armour         | |  2.1
Dodging        | |  1.5

Action                   |  1- 3 |  4- 6 |  7- 9 || total
-------------------------+-------+-------+-------++-------
Melee: Hand axe          |   129 |   150 |   127 ||   406
Invok: Berserk           |       |     6 |     5 ||    11
       Trog's Hand       |       |       |     1 ||     1
  Eat: Chunk             |     4 |     9 |     8 ||    21
Armor: Animal skin       |    29 |       |       ||    29
       Scale mail        |    12 |    56 |    25 ||    93
Dodge: Dodged            |    83 |    80 |    50 ||   213
